 Dungeon Crawl Stone Soup version 0.31-a0-233-g139696dc86 (webtiles) character file.

Game seed: 10222415381883682730

616 qw the Skirmisher (level 7, -3/59 HPs)
             Began as a Minotaur Hexslinger on July 9, 2023.
             Slain by an iguana (9 damage)
             ... on level 5 of the Dungeon.
             The game lasted 00:01:10 (3377 turns).

qw the Skirmisher (Minotaur Hexslinger)             Turns: 3377, Time: 00:01:11

Health: -3/59      AC:  7    Str: 13    XL:     7   Next: 21%
Magic:  7/7        EV: 11    Int: 10    God:
Gold:   233        SH:  0    Dex: 14    Spells: 7/8 levels left

rFire   . . .        Y - +1 sling (drain)
rCold   . . .        (no shield)
rNeg    . . .        b - +0 ring mail
rPois   .            (helmet restricted)
rElec   .            (no cloak)
rCorr   .            (no gloves)
SInv    .            h - +1 pair of boots
Will    .....        (no amulet)
Stlth   +            (no ring)
HPRegen 0.29/turn    (no ring)
MPRegen 0.10/turn

%: no passive effects
@: no status effects
A: horns 2, retaliatory headbutt
a: no special abilities


You were on level 5 of the Dungeon.
You visited 1 branch of the dungeon, and saw 5 of its levels.

You collected 233 gold pieces.


Innate Abilities, Weirdness & Mutations

You have a pair of horns on your head.
You reflexively headbutt those who attack you in melee.


   Skills:
 + Level 4.0 Fighting
 - Level 8.0 Ranged Weapons
 - Level 1.0 Armour
 - Level 2.1 Dodging
 - Level 1.0 Spellcasting
 - Level 2.0 Hexes


You had 7 spell levels left.
You knew the following spells:

 Your Spells              Type           Power      Damage    Failure   Level
a - Slow                  Hex            16%        N/A       32%         1

Your spell library contained the following spells:

 Spells                   Type           Power      Damage    Failure   Level
 Inner Flame              Hex/Fire       2%         N/A       82%         3
 Portal Projectile        Hex/Tloc       4%         N/A       82%         3
 Cause Fear               Hex            2%         N/A       97%         4

Inventory:

Hand Weapons
 Y - a +1 sling of draining (weapon)
Armour
 b - a +0 ring mail (worn)
 h - a +1 pair of boots (worn)
Jewellery
 e - a ring of ice
Potions
 a - 3 potions of curing
 c - a potion of haste {unknown}
 d - a potion of might {unknown}
 f - a potion of cancellation {unknown}

Dungeon Overview and Level Annotations

Branches:
Dungeon (5/15)
 Temple: D:4-7

Altars:
Kikubaaqudgha
Yredelemnul

Shops:
D:5 (


Message History

The iguana bites you but does no damage.
The orc closely misses you. The hound barely misses you.
You shoot a sling bullet.
The sling bullet barely misses the hound.
The sling bullet hits the jelly.
You drain the jelly.
The jelly is severely wounded.
The hound closely misses you. You furiously retaliate!
You headbutt the hound. The iguana bites you! The orc closely misses you.
You shoot a sling bullet.
The sling bullet hits the hound but does no damage.
You drain the hound.
The hound is almost dead.
The hound barely misses you. The orc hits you but does no damage.
The iguana bites you! The hound bites you but does no damage.
You shoot a sling bullet.
The sling bullet closely misses the hound.
The sling bullet hits the jelly.
The jelly is almost dead.
The hound barely misses you. The iguana bites you! The orc closely misses you.
The hound bites you but does no damage.
You shoot a sling bullet.
The sling bullet closely misses the hound.
The sling bullet hits the jelly.
You drain the jelly.
You kill the jelly!
The orc closely misses you.
The iguana bites you but does no damage.
The hound closely misses you.
Your Ranged Weapons skill increases to level 8!
You shoot a sling bullet.
The sling bullet closely misses the hound.
The hound closely misses you. The orc hits you with a +0 hand axe.
The iguana bites you. The hound bites you.
3376 ||| DRINKING potion of heal wounds.
You feel much better. The orc hits you with a +0 hand axe.
The iguana bites you! The hound bites you but does no damage.
You shoot a sling bullet. The sling bullet hits the hound.
You kill the hound!
The iguana bites you! The orc misses you. The iguana bites you!
You die...

......# ##.##
#........# ......#
#..# #..#####.#
......# ##.#
#..#(..#.## ......#
#.# #..#####..#
......# #.#
#....\....# ......#
##.####%.#####..#
#######
#......%)#(..#..#
#>.#####.#####..#
#......@........#
#.....o%l.......#
.......).........#
.#......$.........#
..#.......).......
## #..)............
#...............
...............


You could see an iguana, 2 dancing weapons and an orc.

Vanquished Creatures
  A black bear (D:5)
  2 scorpions
  A howler monkey (D:4)
  A jelly (D:5)
  2 orc priests
  2 hounds
  An iguana (D:5)
  3 orc wizards
  Robin (D:3)
  A gnoll (D:1)
  4 adders
  2 ufetubi
  2 dart slugs
  12 orcs
  2 bats
  3 endoplasms
  A giant cockroach (D:2)
  11 goblins
  11 hobgoblins
  4 kobolds
  2 quokkas
  A ball python (D:4)
  2 ball python zombies (D:3)
  5 frilled lizards
  A jackal zombie (D:3)
  A quokka zombie (D:3)
  3 rats
82 creatures vanquished.

Notes
Turn   | Place    | Note
-------+----------+-------------------------------------------
     0 | D:1      | qw the Minotaur Hexslinger began the quest for the Orb.
     0 | D:1      | Reached XP level 1. HP: 16/16 MP: 1/1
     0 | D:1      | 0 ||| qw: Version: 0.3-a-51-g015441d
     0 | D:1      | 0 ||| qw: Game counter: 3995
     0 | D:1      | 0 ||| qw: Melee chars always use a shield: true
     0 | D:1      | 0 ||| qw: God list: Okawaru
     0 | D:1      | 0 ||| qw: Allow faded altars: false
     0 | D:1      | 0 ||| qw: Do Orc after clearing Dungeon:15 true
     0 | D:1      | 0 ||| qw: Do second Lair branch before Depths: true
     0 | D:1      | 0 ||| qw: Lair rune preference: random
     0 | D:1      | 0 ||| qw: Goals: Normal
     0 | D:1      | 0 ||| PLANNING D:1-11
   274 | D:1      | Reached skill level 3 in Ranged Weapons
   338 | D:1      | Reached XP level 2. HP: 23/23 MP: 2/2
   570 | D:1      | Found a faded altar of an unknown god.
   720 | D:1      | 720 ||| UPGRADING to +0 leather armour.
   730 | D:1      | 730 ||| DROPPING +0 robe.
   731 | D:1      | 731 ||| READING scroll labelled ATAFYVV QOIME.
   732 | D:1      | 732 ||| READING scroll labelled LAKIEXT PITTIPS.
   733 | D:1      | 733 ||| DRINKING 2 murky white potions.
   734 | D:1      | 734 ||| DROPPING scroll of poison.
   735 | D:1      | 735 ||| DROPPING potion of brilliance.
   830 | D:2      | Reached XP level 3. HP: 22/29 MP: 3/3
  1127 | D:2      | Reached skill level 4 in Ranged Weapons
  1471 | D:2      | 1471 ||| UPGRADING to +0 ring mail.
  1481 | D:2      | 1481 ||| DROPPING +0 leather armour.
  1566 | D:3      | Noticed Robin
  1568 | D:3      | Reached skill level 1 in Armour
  1572 | D:3      | Reached XP level 4. HP: 32/36 MP: 4/4
  1593 | D:3      | HP: 7/36 [Robin/+0 spear (5)]
  1596 | D:3      | HP: 2/36 [Robin/+0 spear (2)]
  1599 | D:3      | Killed Robin
  1764 | D:3      | Reached skill level 5 in Ranged Weapons
  1765 | D:3      | Reached XP level 5. HP: 23/42 MP: 5/5
  1869 | D:3      | 1869 ||| READING scroll of brand weapon.
  1869 | D:3      | 1869 ||| BRANDING +1 sling of freezing.
  1973 | D:3      | Found a basalt altar of Yredelemnul.
  2295 | D:3      | 2295 ||| DRINKING 2 lumpy red potions.
  2296 | D:3      | 2296 ||| DRINKING 2 grey potions.
  2390 | D:4      | Reached skill level 3 in Fighting
  2607 | D:4      | Reached XP level 6. HP: 39/52 MP: 6/6
  2609 | D:4      | Reached skill level 6 in Ranged Weapons
  2778 | D:4      | Found an ancient bone altar of Kikubaaqudgha.
  2939 | D:4      | 2939 ||| UPGRADING to +1 pair of boots.
  2944 | D:4      | 2944 ||| READING scroll labelled BIOTZA OCRIUZO.
  2953 | D:5      | Entered Level 5 of the Dungeon
  2959 | D:5      | 2959 ||| STAIRDANCE
  3082 | D:5      | 3082 ||| STAIRDANCE
  3131 | D:5      | 3131 ||| STAIRDANCE
  3181 | D:5      | 3181 ||| STAIRDANCE
  3221 | D:5      | 3221 ||| STAIRDANCE
  3252 | D:5      | 3252 ||| STAIRDANCE
  3302 | D:5      | Found Kearch's Weapon Shoppe.
  3302 | D:5      | Noticed a +0 great mace
  3303 | D:5      | Noticed a +0 giant spiked club
  3328 | D:5      | Reached skill level 7 in Ranged Weapons
  3332 | D:5      | Reached XP level 7. HP: 54/59 MP: 7/7
  3375 | D:5      | Reached skill level 8 in Ranged Weapons
  3375 | D:5      | HP: 11/59 [iguana (5)]
  3376 | D:5      | 3376 ||| DRINKING potion of heal wounds.
  3377 | D:5      | Slain by an iguana

Levels and vault maps discovered:
D:1:      matt_arrival_refuge, layout_loops_cross,
          shapermc_ecumenical_altar_acropolis
D:2:      minmay_wonky_spiral, layout_loops_ring,
          nicolae_concentric_dashed_squares_wild, kennysheep_generic_room_8
D:3:      layout_loops_ring, nicolae_yredelemnul_corpse_copse,
          minmay_misc_feat_square, dreamdust_mushroom_princess, uniq_robin
D:4:      layout_basic, kennysheep_diamond
D:5:      layout_rooms, serial_shops, nicolae_shop_mannequins,
          kennysheep_crisscross, kennysheep_generic_room_16, uniq_edmund,
          uniq_eustachio

Skill      XL: |  1  2  3  4  5  6  7 |
---------------+----------------------+-----
Ranged Weapons | 3 4 5 7 8 |  8.0
Fighting       | 2 3 4 |  4.0
Armour         | 1 |  1.0
Dodging        | |  2.1
Spellcasting   | |  1.0
Hexes          | |  2.0

Action                     |  1- 3 |  4- 6 |  7- 9 || total
---------------------------+-------+-------+-------++-------
   Fire: Sling             |    97 |   156 |    19 ||   272
    Use: Scroll            |     2 |     2 |       ||     4
         Potion            |     1 |     2 |     1 ||     4
 Armour: Robe              |     2 |       |       ||     2
         Leather armour    |     7 |       |       ||     7
         Ring mail         |     3 |    41 |    18 ||    62
  Dodge: Dodged            |    24 |    77 |    22 ||   123

Table legend:
 A = Non-vault XP
 B = Vault XP
 C = Vault XP percentage of total XP
 D = Non-vault monster count
 E = Vault monster count
 F = Vault count percentage of total count
                 A         B        C        D         E       F
            +---------+---------+-------+---------+---------+-------
      Total |     875 |      49 |   5.3 |      61 |      21 |  25.6
            +---------+---------+-------+---------+---------+-------
        D:1 |      37 |       0 |   0.0 |      14 |       0 |   0.0
        D:2 |      38 |       6 |  13.6 |       8 |       4 |  33.3
        D:3 |      86 |      38 |  30.6 |       9 |      15 |  62.5
        D:4 |     274 |       5 |   1.8 |      17 |       2 |  10.5
        D:5 |     440 |       0 |   0.0 |      13 |       0 |   0.0
            +---------+---------+-------+---------+---------+-------
